 Dungeon Crawl Stone Soup version 0.19-a0-1072-g3763c35 (webtiles) character file.

9123 puppykicker the Grappler (level 11, -2/111 HPs)
             Began as a Troll Monk on Aug 5, 2016.
             Was an Elder of Yredelemnul.
             Slain by a purple ugly thing (7 damage)
             ... on level 11 of the Dungeon.
             The game lasted 00:21:04 (9644 turns).

puppykicker the Grappler (Troll Monk)               Turns: 9644, Time: 00:21:04

Health: -2/111     AC:  9    Str: 21    XL:     11   Next: 18%
Magic:  0/14       EV: 10    Int:  6    God:    Yredelemnul [****..]
Gold:   296        SH:  0    Dex: 15    Spells: 2 memorised, 3 levels left

rFire  . . .     SeeInvis .       - Unarmed
rCold  . . .     Gourm    +     a - +0 robe
rNeg   . . .     Faith    .     (no shield)
rPois  .         Spirit   +     (helmet restricted)
rElec  .         Dismiss  .     M - +0 cloak
rCorr  .         Reflect  .     (gloves unavailable)
SustAt .         Harm     .     (boots unavailable)
MR     +....                    u - amulet of guardian spirit
Stlth  ++........               p - ring of protection from magic
                                C - +3 ring of protection

@: injury mirror, drained
A: unfitting armour, claws 3, fast metabolism 3, gourmand, regeneration 2,
shaggy fur 1, tough skin 2
a: Recall Undead Slaves, Injury Mirror, Animate Dead, Drain Life, Renounce
Religion


You were on level 11 of the Dungeon.
You worshipped Yredelemnul.
Yredelemnul was greatly pleased with you.
You were not hungry.

You visited 2 branches of the dungeon, and saw 12 of its levels.

You collected 590 gold pieces.
You spent 294 gold pieces at shops.


Innate Abilities, Weirdness & Mutations

You are too large for most types of armour.
You have claws for hands.
Your metabolism is lightning-fast.
You like to eat raw meat.
You heal very quickly.
You are covered in fur. (AC +1)
You have very tough skin. (AC +2)


   Skills:
 + Level 8.2(8.0) Fighting
 - Level 2.4(2.2) Dodging
 - Level 1.1(0.9) Stealth
 * Level 13.0(12.7) Unarmed Combat
 + Level 6.4(6.2) Invocations


You had 3 spell levels left.
You knew the following spells:

 Your Spells              Type           Power        Failure   Level  Hunger
a - Dispel Undead         Necr           #.......     100%        5    ######.
Z - Sublimation of Blood  Necr           #.........   77%         2    ###....

Inventory:

Missiles
 f - 40 poisoned needles
 G - 14 tomahawks (quivered)
 J - 2 throwing nets
Armour
 a - a +0 robe (worn)
 M - a +0 cloak (worn)
Jewellery
 p - a ring of protection from magic (right claw)
 t - an uncursed ring of fire
 u - an amulet of guardian spirit (around neck)
 w - an uncursed ring of protection from cold
 x - an uncursed amulet of dismissal
 C - a +3 ring of protection (left claw)
 F - an uncursed ring of stealth
 I - an uncursed amulet of rage
 L - an uncursed ring of resist corrosion
 N - an uncursed ring of positive energy
 P - a +3 amulet of reflection
 R - an uncursed ring of ice
Wands
 K - a wand of flame (27/48)
 O - a wand of random effects (31/48)
 Q - a wand of digging (24/24)
Scrolls
 c - 3 scrolls of amnesia
 d - a scroll of enchant armour
 h - 3 scrolls of immolation {!r}
 i - 3 scrolls of fog
 y - 3 scrolls of remove curse
 D - 2 scrolls of enchant weapon
 E - 2 scrolls of noise {!r}
Potions
 j - 2 potions of might
 l - 3 potions of agility
 n - 2 potions of brilliance
 o - a potion of cure mutation
 s - 2 potions of curing
 v - 3 potions of ambrosia
 z - a potion of magic
 A - a potion of flight
Books
 B - a book of Death
Comestibles
 b - 14 bread rations
 g - 5 meat rations
 k - 3 fruits
 r - 3 beef jerkies
 S - 5 chunks of flesh {@w1}

Dungeon Overview and Level Annotations

Branches:
Dungeon (11/15)            Temple (1/1) D:6            Lair (0/6) D:11
    Orc (0/2) D:10

Altars:
Ashenzari
Elyvilon
Fedhas
Gozag
Hepliaklqana
Kikubaaqudgha
Makhleb
Nemelex Xobeh
Okawaru
Qazlal
Trog
Uskayaw
Xom
Yredelemnul
Zin

Shops:
D:6 = D:7

= ,,,*,,* *,*
*,,,,,,,**,* ,,,,,,* #,*
#.......#*,* ,,***,* #.*
#.........,* ,,* *,*
*.###.........,* ,,* *,*
*,..........#*** ,,*
*,******,,.........# ,,*
*,,,,,,,,,,........# ,,*
*,,,,,,,,,*#.......# ,,*
*,,,,,,,,,*#@u<....# ,,*
*,,****,,,*#Ya.....# ,,*
*,,* *,,,*#H......# ,,*
*,,** *,,,*#.....[.# ,,*
*,,,***,,,*#.......#
,****,,,,,*****#.......#
,**,,,,,,.,,** #.<.....#
.#..P.....P..**#.......#
...........P..##.......#


You could see a purple ugly thing, a yak, a hippogriff and a worker ant.


Message History

It is a scroll of recharging.
Charge which item? (? for menu, Esc to quit)
Your wand of digging glows for a moment.
The worker ant bites you.
* * * LOW HITPOINT WARNING * * *
The yak closely misses you. The purple ugly thing tail-slaps you!
* * * LOW HITPOINT WARNING * * *
The hippogriff bites you.
* * * LOW HITPOINT WARNING * * *
The hippogriff barely misses you. The hippogriff claws you!
* * * LOW HITPOINT WARNING * * *
The worker ant bites you but does no damage.
You feel better. The yak closely misses you.
The purple ugly thing barely misses you.
The worker ant barely misses you.
The hippogriff bites you but does no damage.
The hippogriff pecks you.
* * * LOW HITPOINT WARNING * * *
The hippogriff claws you but does no damage.
Okay, then.
Evoke which item? (* to show all) (? for menu, Esc to quit)
Okay, then.
Okay, then.
The purple ugly thing tail-slaps you but does no damage.
Okay, then.
You offer yourself to Yredelemnul, and are filled with unholy energy.
The worker ant misses you. The yak closely misses you.
The purple ugly thing tail-slaps you!
You die...
Your body rises from the dead as a mindless zombie.

Action                   |  1- 3 |  4- 6 |  7- 9 | 10-12 || total
-------------------------+-------+-------+-------+-------++-------
Melee: Unarmed           |    86 |   166 |   304 |   254 ||   810
       Punch             |     3 |     6 |    15 |    16 ||    40
Throw: Tomahawk          |       |       |     2 |       ||     2
Invok: Recall Undead Sla |       |       |       |     2 ||     2
       Injury Mirror     |       |       |       |     1 ||     1
  Use: Scroll            |     3 |     3 |     9 |     9 ||    24
       Potion            |       |     1 |     5 |     2 ||     8
 Stab: Sleeping          |     2 |     1 |     7 |     2 ||    12
       Distracted        |       |       |     1 |       ||     1
  Eat: Chunk             |    18 |    14 |    26 |    17 ||    75
       Fruit             |       |       |     4 |       ||     4
       Meat ration       |       |       |     2 |       ||     2
       Pizza             |       |       |     2 |       ||     2
       Beef jerky        |       |       |     1 |       ||     1
Armor: Robe              |    35 |    54 |   112 |   132 ||   333
Dodge: Dodged            |    48 |    95 |   170 |   132 ||   445

Vault maps used:
D:1:      wheals_arrival_shading
D:2:      old_standard_altar, serial_glass, glass_columns_a, glass_columns_a,
          glass_columns_b, glass_columns_b, glass_columns_a, glass_columns_c,
          glass_columns_a, glass_columns_b
D:3:      first_bread
D:4:      minmay_misc_feat_room, kennysheep_generic_room_12
D:5:      basic_altar, kennysheep_crisscross, minivault_23, uniq_grinder,
          uniq_duvessa
D:6:      grunt_temple_overflow_order_and_chaos_1, kiku_gazebo_garden_becter,
          serial_shops, shop, basic_altar
D:7:      serial_shops, kennysheep_little_box
D:8:      serial_curves, eino_curves_02, eino_curves_02, eino_curves_01,
          uniq_pikel
D:9:      grunt_temple_overflow_open, basic_altar, nemelex_lonely_heart_becter
D:10:     orc_0_dummy, kennysheep_generic_room_14
D:11:     david_lair_generic, uniq_grum
Temple:   eino_temple_scatter_basement

Notes
Turn   | Place    | Note
-------+----------+-------------------------------------------
     0 | D:1      | puppykicker the Troll Monk began the quest for the Orb.
     0 | D:1      | Reached XP level 1. HP: 22/22 MP: 0/0
   243 | D:1      | Reached XP level 2. HP: 29/29 MP: 1/1
   614 | D:1      | Reached XP level 3. HP: 36/36 MP: 2/2
  1119 | D:2      | Reached skill level 4 in Unarmed Combat
  1178 | D:2      | Found a bloodstained altar of Trog.
  1521 | D:3      | Reached skill level 3 in Fighting
  1521 | D:3      | Reached XP level 4. HP: 34/45 MP: 3/3
  1681 | D:3      | Reached skill level 5 in Unarmed Combat
  1681 | D:3      | Reached XP level 5. HP: 30/53 MP: 4/4
  2299 | D:4      | Noticed an ogre
  2531 | D:4      | Reached XP level 6. HP: 38/62 MP: 5/5
  2543 | D:4      | Reached skill level 6 in Unarmed Combat
  2691 | D:4      | Reached skill level 4 in Fighting
  2911 | D:4      | Reached XP level 7. HP: 70/70 MP: 6/6
  3121 | D:5      | Entered Level 5 of the Dungeon
  3133 | D:5      | Reached skill level 7 in Unarmed Combat
  3207 | D:5      | Noticed Duvessa
  3208 | D:5      | Noticed Dowan
  3213 | D:5      | Killed Duvessa
  3219 | D:5      | Killed Dowan
  3254 | D:5      | Noticed Grinder
  3260 | D:5      | Killed Grinder
  3260 | D:5      | Reached skill level 5 in Fighting
  3260 | D:5      | Reached skill level 8 in Unarmed Combat
  3260 | D:5      | Reached XP level 8. HP: 71/80 MP: 7/7
  3276 | D:5      | Found an ancient bone altar of Kikubaaqudgha.
  3386 | D:5      | You fall through a shaft for 3 floors!
  3715 | D:6      | Noticed an angel
  3801 | D:6      | Found a shimmering altar of Xom.
  3801 | D:6      | Found a glowing silver altar of Zin.
  3853 | D:6      | Reached skill level 9 in Unarmed Combat
  3989 | D:6      | Found a shimmering altar of Xom.
  4069 | D:6      | Found a staircase to the Ecumenical Temple.
  4105 | Temple   | Entered the Ecumenical Temple
  4128 | Temple   | Became a worshipper of Yredelemnul the Dark
  4128 | Temple   | Reached * piety under Yredelemnul
  4128 | Temple   | Reached ** piety under Yredelemnul
  4187 | D:6      | Found an ancient bone altar of Kikubaaqudgha.
  4216 | D:6      | Found Dammer's Jewellery Emporium.
  4224 | D:6      | Bought a +3 ring of protection for 294 gold pieces
  4841 | D:7      | Found Kickun's Jewellery Emporium.
  4875 | D:7      | Reached skill level 1 in Invocations
  4880 | D:7      | HP: 6/83 [killer bee (5)]
  5262 | D:7      | Reached skill level 10 in Unarmed Combat
  5262 | D:7      | Reached skill level 2 in Invocations
  5262 | D:7      | Reached XP level 9. HP: 79/89 MP: 6/9
  5335 | D:7      | Reached skill level 6 in Fighting
  5621 | D:7      | beeeeeeeeees
  5780 | D:8      | Learned a level 2 spell: Sublimation of Blood
  5786 | D:8      | Learned a level 5 spell: Dispel Undead
  5862 | D:8      | Noticed Pikel
  5893 | D:8      | Killed Pikel
  5893 | D:8      | Reached skill level 3 in Invocations
  6016 | D:8      | bbbbbbeeeeeeeeeeeees
  6172 | D:8      | Reached skill level 11 in Unarmed Combat
  6499 | D:8      | Reached *** piety under Yredelemnul
  6759 | D:9      | Noticed a hill giant
  6791 | D:7      | Reached skill level 4 in Invocations
  6938 | D:9      | Noticed a troll
  6978 | D:8      | Reached XP level 10. HP: 63/100 MP: 7/12
  7148 | D:9      | Reached skill level 7 in Fighting
  7191 | D:9      | BBEEEEESSSSSS
  7191 | D:9      | beees beess beeeeszs
  7259 | D:9      | Found an opulent altar of Gozag.
  7260 | D:9      | Found a shattered altar of Ashenzari.
  7270 | D:9      | Killed a hill giant
  7379 | D:9      | Found a shattered altar of Ashenzari.
  7399 | D:9      | Reached skill level 5 in Invocations
  7436 | D:9      | Reached skill level 12 in Unarmed Combat
  7436 | D:9      | Received a gift from Yredelemnul (a mummy)
  7488 | D:9      | Found a sparkling altar of Nemelex Xobeh.
  7488 | D:9      | Noticed Jessica
  7493 | D:9      | Killed Jessica
  7532 | D:9      | bees?
  8154 | D:10     | Entered Level 10 of the Dungeon
  8452 | D:10     | Found a staircase to the Orcish Mines.
  8478 | D:10     | Noticed a hill giant
  8486 | D:10     | Killed a hill giant
  8582 | D:10     | Reached skill level 6 in Invocations
  8608 | D:10     | Reached **** piety under Yredelemnul
  8691 | D:10     | Received a gift from Yredelemnul (a wight)
  8817 | D:10     | Reached skill level 8 in Fighting
  8930 | D:10     | Reached XP level 11. HP: 84/111 MP: 10/14
  9434 | D:11     | Found a staircase to the Lair.
  9434 | D:11     | Noticed a hill giant
  9448 | D:10     | Noticed a hill giant
  9456 | D:10     | Killed a hill giant
  9598 | D:11     | Reached skill level 13 in Unarmed Combat
  9631 | D:11     | Noticed a purple ugly thing
  9640 | D:11     | HP: 8/111 [hippogriff (5)]
  9640 | D:11     | HP: 1/111 [hippogriff (7)]
  9644 | D:11     | Slain by a purple ugly thing

Vanquished Creatures
  3 hill giants
  Pikel (D:8)
  A komodo dragon (D:11)
  2 trolls
  Grinder (D:5)
  A shadow (D:11)
  5 yaks
  A hungry ghost (D:7)
  A hippogriff (D:10)
  Duvessa (D:5)
  3 slaves (D:8)
  4 ice beasts
  An orc warrior (D:10)
  2 sky beasts (D:9)
  A black bear (D:10)
  A phantom (D:6)
  A necrophage (D:10)
  5 ogres
  7 centaurs
  A crocodile (D:10)
  A gnoll sergeant (D:8)
  7 giant frogs
  Dowan (D:5)
  2 scorpions
  17 killer bees
  5 wights (D:10)
  A howler monkey (D:10)
  5 crimson imps
  A quasit (D:8)
  A giant frog zombie (D:10)
  8 hounds
  5 orc priests
  A gnoll shaman (D:8)
  5 jellies
  11 orc wizards
  2 giant frog skeletons
  Jessica (D:9)
  2 iguanas
  6 worker ants
  A howler monkey zombie (D:6)
  A worker ant zombie (D:7)
  13 gnolls
  9 adders
  A shadow imp (D:8)
  An ooze (D:1)
  An adder zombie (D:6)
  3 adder skeletons
  2 worms
  3 dart slugs
  4 giant geckos
  31 orcs
  A ball python (D:7)
  3 giant cockroaches
  7 goblins
  6 hobgoblins
  12 jackals
  9 quokkas
  10 bats
  2 giant gecko skeletons (D:4)
  A giant gecko zombie (D:7)
  4 giant newts
  8 kobolds
  2 quokka skeletons
  6 rats
266 creatures vanquished.

Vanquished Creatures (collateral kills)
  An orc warrior (D:10)
1 creature vanquished.

Vanquished Creatures (others)
  A slave (D:8)
  A wight (D:11)
  A mummy (D:11)
3 creatures vanquished.

Grand Total: 270 creatures vanquished
